 Dungeon Crawl Stone Soup version 0.29-a0-43-g62a80824bf (webtiles) character file.

Game seed: 1834235279960843600

67 TheWeeknd the Skirmisher (level 4, -6/35 HPs)
             Began as a Demonspawn Berserker on Feb 2, 2022.
             Was a Believer of Trog.
             Killed by divine providence
             ... invoked by an orc priest
              (13 damage)
             ... on level 3 of the Dungeon.
             The game lasted 00:08:00 (4002 turns).

TheWeeknd the Skirmisher (Demonspawn Berserker)     Turns: 4002, Time: 00:08:00

Health: -6/35      AC:  8    Str: 19    XL:     4   Next: 0%
Magic:  4/4        EV: 10    Int:  9    God:    Trog [**....]
Gold:   73         SH:  0    Dex: 12    Spells: 3/3 levels left

rFire   + . .      SeeInvis .   a - +0 hand axe
rCold   + . .      Faith    .   (no shield)
rNeg    . . .      Spirit   .   c - +0 scale mail
rPois   +          Reflect  .   (no helmet)
rElec   +          Harm     .   (no cloak)
rCorr   +          Rampage  .   (no gloves)
Will    .....                   (no boots)
Stlth   ..........              k - amulet of the acrobat
HPRegen 0.11/turn               (no ring)
MPRegen 0.09/turn               (no ring)

@: resistant
A: molten scales 1, weakness stinger 1
a: Renounce Religion, Berserk, Trog's Hand


You were on level 3 of the Dungeon.
You worshipped Trog.
Trog was pleased with you.
You visited 1 branch of the dungeon, and saw 3 of its levels.

You collected 73 gold pieces.

Inventory:

Hand Weapons
 a - a +0 hand axe (weapon)
Armour
 b - a +0 animal skin
 c - a +0 scale mail (worn)
Jewellery
 k - an amulet of the acrobat (around neck)
Wands
 h - a wand of flame (20) (quivered)
Scrolls
 j - a scroll of vulnerability {unknown}
 l - a scroll of magic mapping {unknown}
 o - a scroll of torment {unknown}
Potions
 d - a potion of might {unknown}
 f - a potion of attraction {unknown}
 g - a potion of curing {unknown}
 i - a potion of brilliance {unknown}
 m - a potion of lignification {unknown}
 n - a potion of berserk rage {unknown}


   Skills:
 + Level 3.4 Fighting
 + Level 3.3 Axes
 + Level 2.4 Armour
 + Level 2.3 Dodging


You had 3 spell levels left.
You didn't know any spells.
Your spell library contained the following spells:

 Spells                   Type           Power      Damage    Failure   Level
 Inner Flame              Hex/Fire       0%         N/A       98%         3
 Cause Fear               Hex            0%         N/A       100%        4
 Discord                  Hex            0%         N/A       100%        8


Dungeon Overview and Level Annotations

Branches:
Dungeon (3/15)

Altars:


Innate Abilities, Weirdness & Mutations

You are partially covered in molten scales. (AC +2)
You have a small tail.


Message History

You start waiting.
A goblin comes into view. It is wielding a +0 dagger.
The goblin shouts!
You hear a shout! x2
An orc comes into view. It is wielding a +0 club.
The orc shouts!
You hear a shout!
A giant cockroach comes into view.
An orc comes into view. It is wielding a +0 club.
Found a book of Callings.
The orc shouts!
An orc comes into view. It is wielding a +0 club.
You barely miss the goblin. The goblin barely misses you.
An orc priest comes into view. It is wielding a +0 whip.
You closely miss the goblin. The goblin barely misses you.
You hit the goblin.
You kill the goblin!
Trog accepts your kill.
The orc priest calls down the wrath of Beogh upon you.
Beogh smites you!
You have reached level 4!
You feel clever.
There are monsters nearby!
The orc barely misses you.
It was a potion of resistance.
You feel protected. The orc misses you.
You hit the orc but do no damage. The orc closely misses you. x2
You hit the orc but do no damage.
The orc priest mumbles some strange prayers to Beogh against you.
Beogh smites you!
* * * LOW HITPOINT WARNING * * *
The orc barely misses you.
You closely miss the orc.
The orc priest looks encouraged for a moment.
The orc closely misses you.
You hit the orc but do no damage.
Your tail-slap misses the orc.
The orc hits you with a +0 club.
* * * LOW HITPOINT WARNING * * *
The orc priest mumbles some strange prayers to Beogh against you.
Beogh smites you!
You die...

#<# #.# ###
#.# #.# #.#
#.# . #†#
....#######.#
....oooBo.#.#
....#####@#.#
: #.#.# #.#.#
#.#.# #.#.#
#.#.# #.#.#
#.#.######
#.#......#


You could see an orc priest, 3 orcs and a giant cockroach.

Vanquished Creatures
  An adder (D:3)
  A worm (D:2)
  4 dart slugs (D:1)
  5 endoplasms
  A giant cockroach (D:2)
  3 goblins
  4 hobgoblins
  2 quokkas (D:1)
  6 ball pythons
  4 bats (D:1)
  5 frilled lizards
  8 kobolds
  2 rats
46 creatures vanquished.

Notes
Turn   | Place    | Note
-------+----------+-------------------------------------------
     0 | D:1      | TheWeeknd the Demonspawn Berserker began the quest for the
                  | Orb.
     0 | D:1      | Reached XP level 1. HP: 18/18 MP: 1/1
    69 | D:1      | Gained mutation: You have a small tail. [demonic ancestry]
    69 | D:1      | Reached XP level 2. HP: 6/24 MP: 2/2
   688 | D:1      | Found a faded altar of an unknown god.
  1018 | D:1      | Gained mutation: You are partially covered in molten
                  | scales. (AC +2) [demonic ancestry]
  1018 | D:1      | Reached XP level 3. HP: 26/29 MP: 3/3
  1858 | D:2      | Reached ** piety under Trog
  3995 | D:3      | Reached XP level 4. HP: 21/35 MP: 4/4
  4002 | D:3      | Killed from afar by an orc priest

Illustrated notes

Levels and vault maps discovered:
D:1:      matt_arrival_grand_opening, layout_loops_cross,
          chequers_ecumenical_altar_grove
D:2:      layout_loops_ring, dk_vineyard_1
D:3:      layout_basic

Skill      XL: |  1  2 |
---------------+-------+-----
Dodging        | 2 |  2.3
Axes           | 3 |  3.3
Armour         | 2 |  2.4
Fighting       | |  3.4

Action                   |  1- 3 |  4- 6 || total
-------------------------+-------+-------++-------
Melee: Hand axe          |   105 |     4 ||   109
       Tailslap          |    14 |       ||    14
       Punch             |     1 |       ||     1
Invok: Berserk           |     1 |       ||     1
  Use: Potion            |       |     1 ||     1
Armor: Animal skin       |    24 |       ||    24
       Scale mail        |    49 |       ||    49
Dodge: Dodged            |    97 |     6 ||   103

Table legend: (Time is in decaauts)
 A = Elapsed time spent in this place.
 B = Non-inter-level travel time spent in this place.
 C = Inter-level travel time spent in this place.
 D = Time resting spent in this place.
 E = Time spent auto-exploring this place.
 F = Levels seen in this place.
 G = Mean time per level.
                   A        B        C        D        E       F      G
               +--------+--------+--------+--------+--------+-----+--------+
         Total |   4025 |   4025 |      0 |   1913 |    441 |   3 | 1341.7 |
       Dungeon |   4025 |   4025 |      0 |   1913 |    441 |   3 | 1341.7 |
               +--------+--------+--------+--------+--------+-----+--------+

Top non-repeatable levels by time:
     D:2: 2020 daAuts
     D:1: 1724 daAuts
     D:3: 280 daAuts
